 Dungeon Crawl Stone Soup version 0.20-a0-700-gbd4582c (webtiles) character file.

370 Gorglomux the Stinger (level 6, -1/43 HPs)
             Began as a Merfolk Transmuter on Feb 21, 2017.
             Killed from afar by sergedm's ghost (7 damage)
             ... with a magic dart
             ... on level 4 of the Dungeon.
             The game lasted 00:13:47 (5509 turns).

Gorglomux the Stinger (Merfolk Transmuter)          Turns: 5509, Time: 00:13:48

Health: -1/43      AC:  2    Str: 11    XL:     6   Next: 70%
Magic:  3/9        EV: 14    Int: 14    God:
Gold:   261        SH:  4    Dex: 14    Spells: 3/9 levels left

rFire    . . .     SeeInvis .     - Unarmed
rCold    . . .     Gourm    .   b - +0 robe
rNeg     . . .     Faith    .   g - +0 buckler
rPois    .         Spirit   .   (no helmet)
rElec    .         Reflect  .   (no cloak)
rCorr    .         Harm     .   (no gloves)
MR       .....                  (no boots)
Stlth    +.........             (no amulet)
Regen    0.2/turn               (no ring)
MPRegen  0.2/turn               (no ring)

@: no status effects
A: change form in water, swift swim, stealthy swim
a: no special abilities


You were on level 4 of the Dungeon.
You were not hungry.

You visited 1 branch of the dungeon, and saw 4 of its levels.
You also visited: Sewer.

You collected 261 gold pieces.

Inventory:

Missiles
 a - 31 arrows
 n - 26 poisoned needles
 S - 2 javelins (quivered)
Armour
 b - a +0 robe (worn)
 g - a +0 buckler (worn)
Jewellery
 m - an uncursed ring of ice
Wands
 L - a wand of lightning (0/15)
Scrolls
 h - a scroll of teleportation {unknown}
 j - 2 scrolls of enchant weapon
 r - a scroll of recharging {unknown}
 N - a scroll of blinking {unknown}
 P - a scroll of immolation {unknown}
 Q - 2 scrolls of fog
Potions
 e - a potion of mutation
 o - a potion of might
 M - a potion of invisibility {unknown}
Books
 c - a book of Changes

   Spells                             Type                      Level
   a - Beastly Appendage              Transmutation                1
   b - Sticks to Snakes               Transmutation                2
   c - Spider Form                    Transmutation/Poison         3
   d - Ice Form                       Ice/Transmutation            4
   e - Blade Hands                    Transmutation                5
Comestibles
 d - a bread ration
 i - 2 royal jellies
 T - a chunk of flesh


   Skills:
 - Level 1.1 Fighting
 - Level 4.0 Dodging
 + Level 2.5 Shields
 - Level 4.0 Unarmed Combat
 - Level 2.0 Spellcasting
 - Level 4.0 Transmutations
 - Level 4.7 Poison Magic


You had 3 spell levels left.
You knew the following spells:

 Your Spells              Type           Power        Failure   Level  Hunger
a - Beastly Appendage     Tmut           ##....       6%          1    ##.....
b - Sticks to Snakes      Tmut           ##......     10%         2    ###....
c - Spider Form           Tmut/Pois      ##........   17%         3    ####...


Dungeon Overview and Level Annotations

Branches:
Dungeon (4/15)
 Temple: D:4-7

Altars:
Zin

Annotations:
D:4 sergedm's ghost, amateur DECj


Message History

Your adder closely misses sergedm's ghost.
Your adder closely misses sergedm's ghost.
Your ball python bites sergedm's ghost but does no damage.
Okay, then.
You swap places.
Sergedm's ghost closely misses your ball python.
Your adder closely misses sergedm's ghost.
Your ball python misses sergedm's ghost.
Sergedm's ghost hits your ball python!
Your ball python dies!
You swap places.
Your ball python barely misses sergedm's ghost.
Your ball python closely misses sergedm's ghost.
You hit the jackal.
You kill the jackal!
Sergedm's ghost barely misses you.
Your adder barely misses sergedm's ghost.
Sergedm's ghost points at you and mumbles some strange words.
The magic dart hits you!
You die...

..## #
.....########.#
.........WS...#
.##.##@##.####
#.##.##
#.#.S.######
#..........# ##
###.........
.#...####†#.###.#
....W.h.....# #
h.h..####.### ..#
#.#


You could see sergedm's ghost and a friendly adder.

Vanquished Creatures
  A crocodile (Sewer)
  A hound (D:3)
  An orc priest (D:3)
  An orc wizard (D:3)
  A worker ant (D:4)
  3 gnolls
  3 adders
  2 oozes
  2 worms
  2 dart slugs (D:1)
  7 leopard geckos
  3 orcs (D:3)
  3 ball pythons
  7 giant cockroaches
  9 goblins
  10 hobgoblins
  8 jackals
  16 kobolds
  7 quokkas
  4 bats
  4 frilled lizards
  6 rats
101 creatures vanquished.

Vanquished Creatures (collateral kills)
  Jessica (D:3)
  An adder (D:3)
  A rat (D:1)
3 creatures vanquished.

Grand Total: 104 creatures vanquished

Notes
Turn   | Place    | Note
-------+----------+-------------------------------------------
     0 | D:1      | Gorglomux the Merfolk Transmuter began the quest for the Orb.
     0 | D:1      | Reached XP level 1. HP: 15/15 MP: 3/3
    11 | D:1      | Reached skill level 3 in Transmutations
   124 | D:1      | Reached XP level 2. HP: 18/21 MP: 5/5
   205 | D:1      | Learned a level 2 spell: Sticks to Snakes
   569 | D:1      | Reached XP level 3. HP: 14/26 MP: 3/6
   735 | D:1      | Learned a level 3 spell: Spider Form
  1337 | D:2      | Reached skill level 1 in Poison Magic
  1347 | D:2      | Found a glowing silver altar of Zin.
  1608 | D:2      | Reached XP level 4. HP: 21/32 MP: 2/7
  2841 | D:3      | Noticed Jessica
  2851 | D:3      | Reached skill level 3 in Poison Magic
  2858 | D:3      | Killed Jessica
  2858 | D:3      | Reached XP level 5. HP: 14/37 MP: 1/8
  3193 | D:3      | Found a glowing drain.
  3441 | Sewer    | Entered a sewer
  3498 | Sewer    | Noticed a crocodile
  3626 | Sewer    | Killed a crocodile
  4001 | D:3      | Reached skill level 3 in Dodging
  4001 | D:3      | Reached skill level 1 in Shields
  4001 | D:3      | Reached XP level 6. HP: 39/43 MP: 7/9
  5477 | D:4      | Noticed sergedm's ghost (amateur DECj)
  5509 | D:4      | Killed from afar by sergedm's ghost

Vault maps used:
D:1:      minmay_arrival_split_and_join, minmay_domino_4
D:2:      lemuel_round_altar
D:3:      wad_woods_tower, gup_sewer_entry_pipe, uniq_jessica
D:4:      first_bread, uniq_pikel, uniq_menkaure, uniq_grinder, uniq_eustachio
Sewer:    sewer_the_crocodile

Skill      XL: |  1  2  3  4  5  6 |
---------------+-------------------+-----
Transmutations | 3 4 |  4.0
Unarmed Combat | 4 |  4.0
Poison Magic   | 2 3 4 |  4.7
Dodging        | 3 4 |  4.0
Shields        | 1 2 |  2.5
Fighting       | |  1.1
Spellcasting   | |  2.0

Action                   |  1- 3 |  4- 6 || total
-------------------------+-------+-------++-------
Melee: Unarmed           |   133 |   222 ||   355
       Headbutt          |     4 |     4 ||     8
       Punch             |     1 |     2 ||     3
 Cast: Beastly Appendage |    15 |    10 ||    25
       Sticks to Snakes  |     4 |    15 ||    19
       Spider Form       |       |    16 ||    16
 Abil: End Transformatio |       |     3 ||     3
Evoke: Wand              |       |     2 ||     2
  Use: Scroll            |     1 |     7 ||     8
       Potion            |       |     2 ||     2
 Stab: Distracted        |     1 |       ||     1
       Sleeping          |       |     1 ||     1
  Eat: Chunk             |     2 |    17 ||    19
Armor: Robe              |    25 |    18 ||    43
       Skin              |       |     2 ||     2
Dodge: Dodged            |    78 |   191 ||   269
Block: Buckler           |       |     4 ||     4
